 Dungeon Crawl Stone Soup version 0.31-a0-765-g67fe2935dc (webtiles) character file.

Game seed: 4693531069979454367

80 innerfire43 the Trooper (level 4, -1/37 HPs)
             Began as a Demonspawn Monk on Sept 5, 2023.
             Was a Believer of Uskayaw.
             Slain by Ijyb
             ... wielding a +0 dagger
              (5 damage)
             ... on level 3 of the Dungeon on Sept 15, 2023.
             The game lasted 00:02:44 (1812 turns).

innerfire43 the Trooper (Demonspawn Monk)           Turns: 1812, Time: 00:02:44

Health: -1/37      AC:  4    Str: 13    XL:     4   Next: 18%
Magic:  4/4        EV: 10    Int: 11    God:    Uskayaw [**....]
Gold:   150        SH:  0    Dex: 16    Spells: 3/3 levels left

rFire   . . .        a - +0 spear
rCold   . . .        d - orb {light}
rNeg    . . .        b - +0 robe
rPois   .            (no helmet)
rElec   .            (no cloak)
rCorr   .            r - +0 pair of gloves
SInv    .            m - +0 pair of boots
Will    .....        (no amulet)
Stlth   +            (no ring)
HPRegen 0.26/turn    (no ring)
MPRegen 0.09/turn

%: no passive effects
@: confused, lethally poisoned (-1 -> -5), ambrosia-drunk, grasped by roots,
glowing, constricted
A: large bone plates 1, demonic magic 1
a: Renounce Religion, Stomp, Line Pass


You were on level 3 of the Dungeon.
You worshipped Uskayaw.
Uskayaw was noncommittal.
You visited 1 branch of the dungeon, and saw 4 of its levels.

You collected 150 gold pieces.

Inventory:

Hand Weapons
 a - a +0 spear (weapon)
 p - a +1 falchion of electrocution
Missiles
 k - a throwing net
Armour
 b - a +0 robe (worn)
 d - an orb of light (worn)
 m - a +0 pair of boots (worn)
 r - a +0 pair of gloves (worn)
Jewellery
 f - a ring of see invisible
 i - a ring of protection from fire
 q - a ring of fire
Scrolls
 e - a scroll of fog {unknown}
 j - a scroll of revelation {unknown}
 n - a scroll of fear {unknown}
 s - a scroll of blinking {unknown}
Potions
 g - a potion of mutation {unknown}
 h - a potion of might {unknown}
 l - a potion of lignification {unknown}
 o - 2 potions of curing {unknown}


   Skills:
 + Level 3.8 Fighting
 + Level 3.4 Polearms
 + Level 3.4 Dodging


You had 3 spell levels left.
You didn't know any spells.
Your spell library was empty.

Dungeon Overview and Level Annotations

Branches:
Dungeon (4/15)
 Temple: D:4-7

Altars:
Uskayaw

Shops:
D:1 (

Annotations:
D:3 Ijyb


Innate Abilities, Weirdness & Mutations

You are partially covered in large bone plates. (SH +4)
Spells you cast may paralyse adjacent enemies.


Message History

Ijyb is moderately wounded.
An adder comes into view.
You block Ijyb's attack.
The adder hisses angrily.
You hit Ijyb.
Ijyb is moderately wounded.
Ijyb barely misses you.
You hit Ijyb.
Ijyb is heavily wounded.
Ijyb hits you with a +0 dagger.
* * * LOW HITPOINT WARNING * * *
You hit Ijyb.
Ijyb is heavily wounded.
Ijyb closely misses you.
You can now pass through a line of other dancers.
You hit Ijyb.
Ijyb is heavily wounded.
The adder bites you but does no damage. You block Ijyb's attack.
You hit Ijyb but do no damage.
Ijyb is heavily wounded.
The adder barely misses you.
Ijyb zaps a wand.
The roots erupt in riotous growth!
The grasping roots grab you!
Ijyb is unaffected.
The adder is unaffected.
The grasping roots constrict you.
* * * LOW HITPOINT WARNING * * *
You are confused.
You feel invigorated. The adder bites you. x2
* * * LOW HITPOINT WARNING * * *
You are poisoned.
The adder poisons you! Ijyb hits you with a +0 dagger.
* * * LOW HITPOINT WARNING * * *
The grasping roots constrict you.
* * * LOW HITPOINT WARNING * * *
You barely miss Ijyb.
Ijyb is heavily wounded.
* * * LOW HITPOINT WARNING * * *
You feel sick. The adder bites you.
* * * LOW HITPOINT WARNING * * *
Ijyb hits you with a +0 dagger.
You die...

##### #...### #......
##.<.### #.)#..##
#################.###..#
......g@S..........#...#
###..####..#######...#.#
#..####..########.##.#
#.............##...#.#
##.####..............#
##.####.#####.##...#..
#.............###.##.#
#..####.####..# #...>#
... #.# #..# ###..#


You could see Ijyb and an adder.

Vanquished Creatures
  2 adders (D:2)
  2 worms (D:2)
  2 dart slugs
  An orc (D:2)
  7 endoplasms
  5 giant cockroaches
  2 goblins (D:1)
  A hobgoblin (D:3)
  3 jackals (D:1)
  6 kobolds
  5 quokkas
  2 ball pythons
  2 bats
  3 frilled lizards
  3 rats
46 creatures vanquished.

Notes
Turn   | Place    | Note
-------+----------+-------------------------------------------
     0 | D:1      | innerfire43 the Demonspawn Monk began the quest for the
                  | Orb.
     0 | D:1      | Reached XP level 1. HP: 18/18 MP: 1/1
   200 | D:1      | Gained mutation: Spells you cast may paralyse adjacent
                  | enemies. [demonic ancestry]
   200 | D:1      | Reached XP level 2. HP: 19/24 MP: 2/2
   371 | D:1      | Found Utrusmas's Antique Weapon Shoppe.
   738 | D:1      | Upgraded the game from 0.31-a0-675-g238779eb0a to
                  | 0.31-a0-765-g67fe2935dc
   887 | D:2      | Gained mutation: You are partially covered in large bone
                  | plates. (SH +4) [demonic ancestry]
   887 | D:2      | Reached XP level 3. HP: 26/29 MP: 3/3
  1028 | D:2      | Found a faded altar of an unknown god.
  1049 | D:2      | Prayed at the altar of an unknown god.
  1049 | D:2      | Became a worshipper of Uskayaw the Reveller
  1049 | D:2      | Reached * piety under Uskayaw
  1049 | D:2      | Reached ** piety under Uskayaw
  1278 | D:2      | Reached *** piety under Uskayaw
  1296 | D:2      | Reached XP level 4. HP: 28/37 MP: 4/4
  1489 | D:2      | You fall into a shaft and drop 2 floors!
  1796 | D:3      | Noticed Ijyb
  1812 | D:3      | Slain by Ijyb

Illustrated notes

Levels and vault maps discovered:
D:1:      evilmike_arrival_plus, layout_loops_ring, serial_shops, shop
D:2:      minmay_chambers_of_twos, layout_loops_ring,
          ebering_ecumenical_altar_rust
D:3:      layout_loops_ring, uniq_ijyb, uniq_natasha, uniq_jessica
D:4:      layout_gridville, uniq_grinder

Skill      XL: |  1  2 |
---------------+-------+-----
Dodging        | 3 |  3.4
Polearms       | 3 |  3.4
Fighting       | |  3.8

Action                     |  1- 3 |  4- 6 || total
---------------------------+-------+-------++-------
  Melee: Spear             |   145 |    38 ||   183
    Use: Potion            |       |     1 ||     1
 Armour: Robe              |    41 |    11 ||    52
  Dodge: Dodged            |    84 |    11 ||    95
  Block: Orb               |    11 |     5 ||    16

Table legend: (Time is in decaauts)
 A = Elapsed time spent in this place.
 B = Non-inter-level travel time spent in this place.
 C = Inter-level travel time spent in this place.
 D = Time resting spent in this place.
 E = Time spent auto-exploring this place.
 F = Levels seen in this place.
 G = Mean time per level.
                   A        B        C        D        E       F      G
               +--------+--------+--------+--------+--------+-----+--------+
         Total |   1801 |   1689 |    112 |      0 |   1290 |   4 |  450.2 |
       Dungeon |   1801 |   1689 |    112 |      0 |   1290 |   4 |  450.2 |
               +--------+--------+--------+--------+--------+-----+--------+

Top non-repeatable levels by time:
     D:2: 855 daAuts
     D:1: 777 daAuts
     D:3: 114 daAuts
     D:4: 54 daAuts
